 Dungeon Crawl Stone Soup version 0.27-a0-92-g39ad13b146 (webtiles) character file.

Game seed: 11488726434171533297

136 kestreltb the Gusty (level 5, -2/35 HPs)
             Began as a Merfolk Air Elementalist on Jan 15, 2021.
             Was a Follower of Kikubaaqudgha.
             Killed by nerve-wracking pain
             ... invoked by an orc priest
              (10 damage)
             ... on level 2 of the Dungeon.
             The game lasted 00:08:24 (3734 turns).

kestreltb the Gusty (Merfolk Air Elementalist)      Turns: 3734, Time: 00:08:25

Health: -2/35      AC:  2    Str:  8    XL:     5   Next: 19%
Magic:  6/8        EV: 13    Int: 15    God:    Kikubaaqudgha [*.....]
Gold:   41         SH:  0    Dex: 15    Spells: 6/8 levels left

rFire    . . .     SeeInvis .   g - -2 whip (curse)
rCold    . . .     Faith    .   (no shield)
rNeg     . . .     Spirit   .   a - +0 robe
rPois    .         Reflect  .   f - +0 hat
rElec    .         Harm     .   (no cloak)
rCorr    .         Rampage  .   (no gloves)
Will     .....                  (no boots)
Stlth    ++........             (no amulet)
HPRegen  0.11/turn              (no ring)
MPRegen  0.11/turn              (no ring)

@: no status effects
A: change form in water, swift swim, stealthy swim
a: Renounce Religion, Receive Corpses


You were on level 2 of the Dungeon.
You worshipped Kikubaaqudgha.
Kikubaaqudgha was aware of your devotion.
You visited 1 branch of the dungeon, and saw 3 of its levels.

You collected 41 gold pieces.

Inventory:

Hand Weapons
 b - a +0 club
 g - a cursed -2 whip (weapon)
 k - a +3 spear
Armour
 a - a +0 robe (worn)
 f - a +0 hat (worn)
Scrolls
 c - 2 scrolls of teleportation {unknown}
 d - a scroll of identify {unknown}
 e - a scroll of amnesia {unknown}
 i - 2 scrolls of remove curse {unknown}
 j - a scroll of blinking {unknown}
 l - a scroll of random uselessness {unknown}
Potions
 h - a potion of haste {unknown}


   Skills:
 - Level 2.6 Dodging
 - Level 2.4 Stealth
 - Level 2.0 Spellcasting
 - Level 0.7 Conjurations
 + Level 1.1 Necromancy
 * Level 4.4 Air Magic


You had 6 spell levels left.
You knew the following spells:

 Your Spells              Type           Power        Failure   Level
a - Shock                 Conj/Air       36%          8%          1
b - Animate Skeleton      Necr           8%           14%         1

Your spell library contained the following spells:

 Spells                   Type           Power        Failure   Level
 Swiftness                Air            14%          5%          2
 Pain                     Necr           16%          14%         1
 Sting                    Tmut/Pois      4%           22%         1
 Sublimation of Blood     Necr           2%           22%         2
 Static Discharge         Conj/Air       9%           24%         3
 Airstrike                Air            7%           34%         4
 Vampiric Draining        Necr           2%           38%         3
 Lightning Bolt           Conj/Air       4%           91%         5


Dungeon Overview and Level Annotations

Branches:
Dungeon (3/15)

Altars:
Kikubaaqudgha
Sif Muna
Trog
The Shining One


Message History

The zap misses the rat.
The zap hits the rat.
You kill the rat!
Kikubaaqudgha accepts your kill.
The orc priest calls down the wrath of Beogh upon you.
Beogh smites you!
Casting: Shock (safe; 8% risk of failure)
Confirm with . or Enter, or press ? or * to list all spells.
Aiming: Shock (safe; 8% risk of failure)
Press: ? - help, Shift-Dir - straight line The zap misses the orc priest.
The orc priest barely misses you. The orc priest misses you.
You climb upwards.
There is a stone staircase leading down here.
The orc priest mumbles some strange prayers to Beogh against you.
Beogh smites you!
* * * LOW HITPOINT WARNING * * *
The orc priest calls down the wrath of Beogh upon you.
Pain shoots through your body!
You die...
Kikubaaqudgha rasps: "You have failed me!
Welcome... death!"

≈≈≈≈≈≈≈≈≈....#.##♣♣♣≈P..≈≈≈≈≈≈≈♣.
≈≈≈≈≈≈≈≈≈P...#...♣♣♣≈P≈..≈≈≈≈≈≈♣#
≈≈≈≈≈≈P≈≈≈...#.##♣♣≈≈≈...≈≈≈≈≈≈♣
≈≈≈≈≈≈≈≈≈....#.# ♣≈P≈...≈≈≈≈≈≈♣#
≈≈≈≈≈≈≈P≈....#.# ♣♣≈≈...≈≈≈P♣≈.#
≈≈≈≈≈≈≈≈≈P÷..#.####≈♣≈≈...≈♣.....
≈≈≈≈≈P≈≈≈....#......♣♣≈..♣♣...#.#
P≈≈≈≈≈≈≈P.....#...>.#♣≈..........
♣♣≈≈P≈≈P≈≈....#.@.o.#♣♣....#.....
♣♣♣######....#.....##..###...###
#....#....####.....#....
####.#..........####.###
#.#....#####......... #.#....#
#....###..#. #.#.#### ##...#
##.## #.#.# ##...## #.## #.#.#
##...######...


You could see an orc priest.

Vanquished Creatures
  Terence (D:1)
  4 adders
  A white imp (D:2)
  3 dart slugs (D:1)
  A leopard gecko (D:1)
  An orc (D:3)
  2 giant cockroaches (D:2)
  4 goblins
  7 hobgoblins
  4 jackals (D:1)
  2 ball pythons
  10 bats
  4 frilled lizards
  9 kobolds
  7 rats
60 creatures vanquished.

Vanquished Creatures (others)
  22 plants
22 creatures vanquished.

Grand Total: 82 creatures vanquished

Notes
Turn   | Place    | Note
-------+----------+-------------------------------------------
     0 | D:1      | kestreltb the Merfolk Air Elementalist began the quest for
                  | the Orb.
     0 | D:1      | Reached XP level 1. HP: 13/13 MP: 3/3
   343 | D:1      | Reached XP level 2. HP: 14/19 MP: 0/5
   617 | D:1      | Reached skill level 3 in Air Magic
  1210 | D:1      | Reached XP level 3. HP: 20/24 MP: 6/6
  2096 | D:2      | Found a faded altar of an unknown god.
  2133 | D:2      | Reached XP level 4. HP: 30/30 MP: 3/7
  2133 | D:2      | Became a worshipper of Kikubaaqudgha
  2133 | D:2      | Reached * piety under Kikubaaqudgha
  2133 | D:2      | Identified Kikubaaqudgha's Guide on Evil (Kikubaaqudgha
                  | gifted it to you on level 2 of the Dungeon)
  2133 | D:2      | Received a gift from Kikubaaqudgha
  2216 | D:2      | Found a shimmering blue altar of Sif Muna.
  2234 | D:2      | Identified Sif Muna's Collected Works on Changing
  2240 | D:2      | Found a bloodstained altar of Trog.
  2240 | D:2      | Noticed Terence
  2367 | D:1      | Killed Terence
  2368 | D:1      | Reached skill level 4 in Air Magic
  2451 | D:1      | Learned a level 1 spell: Animate Skeleton
  2751 | D:2      | Found a glowing golden altar of the Shining One.
  2837 | D:2      | Reached XP level 5. HP: 35/35 MP: 1/8
  2990 | D:2      | Reached skill level 1 in Necromancy
  3734 | D:2      | Killed from afar by an orc priest

Illustrated notes

Levels and vault maps discovered:
D:1:      eino_arrival_druids_welcome, layout_basic
D:2:      layout_rooms, nzn_overflow_gifts_of_might_and_magic,
          nicolae_tso_swordbearing_angel, serial_bayou, serial_bayou_shore_a,
          serial_bayou_ford_a, serial_bayou_pond_c, serial_bayou_lake_a,
          chequers_ecumenical_altar_island
D:3:      layout_basic

Skill      XL: |  1  2  3  4  5 |
---------------+----------------+-----
Air Magic      | 3 4 |  4.4
Necromancy     | 1 |  1.1
Dodging        | |  2.6
Stealth        | |  2.4
Spellcasting   | |  2.0
Conjurations   | |  0.7

Action                   |  1- 3 |  4- 6 || total
-------------------------+-------+-------++-------
Melee: Club              |    68 |       ||    68
       Whip              |    23 |     8 ||    31
 Cast: Shock             |    48 |    65 ||   113
 Stab: Sleeping          |     2 |       ||     2
Armor: Robe              |    29 |     1 ||    30
Dodge: Dodged            |    92 |    28 ||   120

Table legend: (Time is in decaauts)
 A = Elapsed time spent in this place.
 B = Non-inter-level travel time spent in this place.
 C = Inter-level travel time spent in this place.
 D = Time resting spent in this place.
 E = Time spent auto-exploring this place.
 F = Levels seen in this place.
 G = Mean time per level.
                   A        B        C        D        E       F      G
               +--------+--------+--------+--------+--------+-----+--------+
         Total |   3718 |   3607 |    111 |    266 |   2710 |   3 | 1239.3 |
       Dungeon |   3718 |   3607 |    111 |    266 |   2710 |   3 | 1239.3 |
               +--------+--------+--------+--------+--------+-----+--------+

Top non-repeatable levels by time:
     D:1: 1934 daAuts
     D:2: 1627 daAuts
     D:3: 156 daAuts
